 Dungeon Crawl Stone Soup version 0.30-a0-373-gd37427bb62 (webtiles) character file.

Game seed: 17399156006954899182

92306 MackTheKnife the Ninja (level 16, 0/84 HPs)
             Began as a Vine Stalker Brigand on Nov 21, 2022.
             Was an Elder of Dithmenos.
             Hit by a silver javelin thrown by a merfolk javelineer (3 damage)
             ... on level 2 of the Shoals on Nov 24, 2022.
             The game lasted 01:03:02 (21604 turns).

MackTheKnife the Ninja (Vine Stalker Brigand)      Turns: 21604, Time: 01:03:03

Health: 0/84       AC: 14    Str: 16    XL:     16   Next: 5%
Magic:  0/26       EV: 37    Int:  8    God:    Dithmenos [****..]
Gold:   2107       SH: 10    Dex: 35    Spells: 15/15 levels left

rFire   + + .      SeeInvis .    a - +4 rapier of Limorch Zyomn {spect, rPois rF++ rCorr Int-5, short}
rCold   . . .      Faith    .    j - +2 buckler
rNeg    . . .      Spirit   +    A - +2 robe "Ehyureph" {rPois Int+2}
rPois   +          Reflect  .    P - +1 hat "Huranlox" {Dex+7}
rElec   +          Harm     .    Q - +2 cloak
rCorr   +          Rampage  +    f - +2 pair of gloves of the Unstoppable Scars {Rampage rElec}
Will    ++...                    X - +2 pair of boots Stlth *******+++
                                 J - amulet of the acrobat
HPRegen 1.14/turn                m - ring of magical power
MPRegen 0.20/turn                R - +6 ring of dexterity

@: about to teleport, acrobatic, wreathed by umbra, unable to read
A: fangs 3, regeneration 1, magic shield, antimagic bite, no potion heal 2,
horns 1, inability to read after injury 1
a: Renounce Religion, Shadow Step


You were on level 2 of the Shoals.
You worshipped Dithmenos.
Dithmenos was greatly pleased with you.
You visited 7 branches of the dungeon, and saw 26 of its levels.
You also visited: Bailey and Gauntlet.

You collected 2197 gold pieces.
You spent 90 gold pieces at shops.


Innate Abilities, Weirdness & Mutations

You have razor-sharp teeth.
Your natural rate of healing is unusually fast.
When hurt, damage is shared between your health and your magic reserves.
Your bite disrupts and absorbs the magic of your enemies.
Potions cannot restore your health.
You have a pair of small horns on your head.
You occasionally lose the ability to read scrolls when taking damage.


   Skills:
 + Level 9.1 Fighting
 - Level 10.0 Short Blades
 - Level 1.7 Throwing
 + Level 8.2 Dodging
 O Level 27 Stealth
 - Level 5.5 Shields


You had 15 spell levels left.
You didn't know any spells.
Your spell library contained the following spells:

 Spells                   Type           Power      Damage    Failure   Level
 Scorch                   Fire           0%         2d5       63%         2
 Dazzling Flash           Conj/Hex       0%         N/A       86%         3
 Gell's Gravitas          Tloc           0%         N/A       86%         3
 Ignite Poison            Fire/Tmut/Pois 0%         N/A       86%         3
 Kindle Blastsparks       Fire/Tloc/Air  0%         2d10      86%         3
 Lesser Beckoning         Tloc           0%         N/A       86%         3
 Teleport Other           Tloc           0%         N/A       86%         3
 Tukima's Dance           Hex            0%         N/A       86%         3
 Flame Wave               Conj/Fire      0%         2d4       99%         4
 Iskenderun's Mystic Bla  Conj/Tloc      0%         2d3       99%         4
 Passage of Golubria      Tloc           0%         N/A       99%         4
 Summon Ice Beast         Ice/Summ       0%         N/A       99%         4
 Agony                    Necr           0%         N/A       100%        5
 Freezing Cloud           Conj/Ice/Air   0%         6-21      100%        5
 Silence                  Hex/Air        0%         N/A       100%        5
 Summon Mana Viper        Hex/Summ       0%         N/A       100%        5
 Yara's Violent Unravell  Hex/Tmut       0%         3d3       100%        5
 Starburst                Conj/Fire      0%         6d3       100%        6
 Summon Cactus Giant      Summ           0%         N/A       100%        6
 Monstrous Menagerie      Summ           0%         N/A       100%        7

Inventory:

Hand Weapons
 a - the +4 rapier of Limorch Zyomn (weapon) {spect, rPois rF++ rCorr Int-5, short}
   (You found it in a Gauntlet)

   When its wielder attacks, the weapon's spirit leaps out and strikes again.
   The spirit shares a part of any damage it takes with its wielder.
   Int:       It affects your intelligence (-5).
   rF:        It greatly protects you from fire.
   rPois:     It protects you from poison.
   rCorr:     It protects you from acid and corrosion.
 b - a +4 quick blade of flaming {shortrare=g}
   (You found it in a Gauntlet)
Armour
 c - +0 fire dragon scales
   (You found it on level 5 of the Lair of Beasts)
 e - a +2 buckler
   (You took it off a tengu conjurer on level 15 of the Dungeon)
 f - the +2 pair of gloves of the Unstoppable Scars (worn) {Rampage rElec}
   (You found it on level 3 of the Lair of Beasts)

   rElec:     It insulates you from electricity.
   Rampage:   It bestows one free step when moving towards enemies.
 j - a +2 buckler (worn)
   (You found it on level 8 of the Dungeon)
 A - the +2 robe "Ehyureph" (worn) {rPois Int+2}
   (You found it on level 3 of the Dungeon)

   Int:       It affects your intelligence (+2).
   rPois:     It protects you from poison.
 P - the +1 hat "Huranlox" (worn) {Dex+7}
   (You found it in a Gauntlet)

   Dex:       It affects your dexterity (+7).
 Q - a +2 cloak (worn)
   (You found it on level 5 of the Lair of Beasts)
 S - the +18 shield of the Gong {rElec rN+ Will+ EV-5}
   (You found it on level 9 of the Dungeon)

   It is deafeningly noisy when blocking attacks.
   EV:        It affects your evasion (-5).
   rElec:     It insulates you from electricity.
   rN:        It protects you from negative energy.
   Will:      It increases your willpower.
 W - the +1 cloak of Starlight {*Dazzle EV+4 Stlth--}
   (You found it in a Gauntlet)

   It may blind those who miss an attack against the wearer in melee combat.
   EV:        It affects your evasion (+4).
   Stlth:     It makes you much less stealthy.
 X - a +2 pair of boots (worn)
   (You found it in a Gauntlet)
Jewellery
 m - a ring of magical power (left hand)
   (You found it on level 1 of the Dungeon)
 o - a ring of flight
   (You found it on level 3 of the Lair of Beasts)
 q - a ring of see invisible
   (You found it on level 4 of the Lair of Beasts)
 t - a ring of positive energy
   (You found it on level 5 of the Dungeon)
 x - a +4 ring of protection
   (You found it on level 12 of the Dungeon)
 F - a ring of magical power
   (You took it off a centaur on level 8 of the Dungeon)
 J - an amulet of the acrobat (around neck)
   (You found it on level 7 of the Dungeon)
 R - a +6 ring of dexterity (right hand)
   (You found it on level 2 of the Lair of Beasts)
Wands
 u - a wand of roots (31)
   (You found it on level 5 of the Dungeon)
 w - a wand of flame (72)
   (You took it off Robin on level 2 of the Dungeon)
 y - a wand of digging (4)
   (You found it on level 3 of the Dungeon)
 C - a wand of light (20)
   (You found it on level 8 of the Dungeon)
 H - a wand of polymorph (11)
   (You found it on level 9 of the Dungeon)
 M - a wand of charming (2)
   (You found it on level 14 of the Dungeon)
Scrolls
 d - 2 scrolls of blinking {!r}
 g - 6 scrolls of immolation {!r!r}
 p - 4 scrolls of teleportation {@r4}
 s - 2 scrolls of fog
 z - 2 scrolls of silence {!r}
 I - a scroll of summoning
 N - 5 scrolls of magic mapping {!r}
 T - 4 scrolls of vulnerability {!r!r}
Potions
 h - 7 potions of magic
 i - 2 potions of attraction {!q}
 k - 11 potions of curing {@q1}
 l - a potion of might
 n - 5 potions of brilliance
 v - 2 potions of cancellation
 B - 2 potions of haste {@q3}
 E - 4 potions of lignification {!q}
 G - 2 potions of flight
 L - a potion of berserk rage {!q}
 V - 2 potions of ambrosia
 Y - 3 potions of resistance
Miscellaneous
 r - a phantom mirror
   (You found it on level 4 of the Lair of Beasts)
 O - a piece from Xom's chessboard (15/15)
   (You found it on level 14 of the Dungeon)

Dungeon Overview and Level Annotations

Branches:
Dungeon (15/15) Zot: 25949  Temple (1/1) D:5 Zot: 5939    Lair (5/5) D:11 Zot: 24655
 Shoals (2/4) Lair:2 Zot: 11552   Snake (1/4) Lair:2 Zot: 5962   Slime (0/5) Lair:5
    Orc (1/2) D:10 Zot: 5699  Vaults (0/5) D:14         Depths (1/4) D:15 Zot: 5942
 Bailey (visited)         Gauntlet (visited)

Altars:
Cheibriados
Dithmenos
Elyvilon
Fedhas
Gozag
Hepliaklqana
Kikubaaqudgha
Makhleb
Nemelex Xobeh
Okawaru
Qazlal
Ru
Sif Muna
Trog
Uskayaw
Vehumet
Xom
Yredelemnul
The Shining One
Jiyva

Shops:
D:2 [   D:4 =   D:7 *

Annotations:
D:4 2 runed translucent doors, Grinder
D:6 exclusion: downstairs
D:10 exclusion: manticore
D:13 exclusion: ice statue

...........~....~....
....~.~~...........~...~
~~~~~........~...~~~~~..
~~~~~..~..~~~~.....~~|..
≈~~~≈§≈~~~≈~~..~......#
≈≈≈≈≈§≈≈≈≈~~....~.....##
≈≈≈≈≈§§§§m§..m......~...
≈≈≈≈≈≈≈P§P...###..m..m[.
≈≈≈≈≈≈~@§§....##....$...
≈≈≈≈≈≈~§§§.~~......~≈≈~~
~≈≈≈≈≈~§.§P........~~~~~
~≈≈≈≈≈§~~.###.....)..~..
~≈≈≈≈≈≈~~k.##.P.......~~
~≈≈≈≈≈≈~~.P...........~.
~≈≈≈≈≈≈≈PP...........†~.
.P≈≈≈≈≈≈~~~~~...###.....
~~~....###...##


You could see a merfolk javelineer and a wind drake (wandering, repels
missiles).


Message History

You lost 9 mp, and now have 17/26 mp.
You block the wind drake's attack.
The merfolk javelineer throws a silver javelin.
The silver javelin pierces through you!
You feel threatened and lose the ability to read scrolls!
* * * LOW HITPOINT WARNING * * *
The silver sears you!
* * * LOW HITPOINT WARNING * * *
😨 HP[-13] MP[-5]
You take 13 damage, and now have 31/84 hp.
You lost 5 mp, and now have 12/26 mp.
Unknown command.
You hit the wind drake. Your headbutt misses the wind drake.
Your +4 rapier of Limorch Zyomn {spect, rPois rF++ rCorr Int-5, short} barely misses the wind drake.
The wind drake flaps its wings at you. The air twists around and strikes you!
* * * LOW HITPOINT WARNING * * *
The merfolk javelineer throws a silver javelin.
The silver javelin completely misses you. 😨 HP[-6] MP[-2]
You take 6 damage, and now have 25/84 hp.
You lost 2 mp, and now have 10/26 mp.
You puncture the wind drake! You headbutt the wind drake.
Your +4 rapier of Limorch Zyomn {spect, rPois rF++ rCorr Int-5, short} hits the wind drake.
You block the wind drake's attack.
The merfolk javelineer throws a silver javelin.
The silver javelin pierces through you!!
* * * LOW HITPOINT WARNING * * *
The silver sears you!
* * * LOW HITPOINT WARNING * * *
😱 HP[-16] MP[-7]
You take 16 damage, and now have 9/84 hp.
You lost 7 mp, and now have 3/26 mp.
You cannot read scrolls in your current state!
Unknown command.
Unknown command.
You fade into invisibility!
You block the wind drake's attack.
The merfolk javelineer throws a silver javelin.
The silver javelin pierces through you!
* * * LOW HITPOINT WARNING * * *
The silver sears you!
* * * LOW HITPOINT WARNING * * *
😱 HP[-8] MP[-2]
You take 8 damage, and now have 1/84 hp.
You lost 2 mp, and now have 1/26 mp.
Unknown command.
The merfolk javelineer throws a silver javelin.
The silver javelin barely misses the wind drake.
The silver javelin barely misses you. 😱 HP[+1] MP[+1]
Okay, then.
You block the wind drake's attack.
The merfolk javelineer throws a silver javelin.
The silver javelin barely misses the wind drake.
The silver javelin completely misses you. 😱 HP[+1]
You can read scrolls again. 😱 HP[+1] 😱 HP[+1] 😱 HP[+1]
Okay, then. 😱 HP[+2] MP[+1]
You regained 2 hp, and now have 8/84 hp. 😱 HP[+1]
You flicker for a moment.
The merfolk javelineer throws a silver javelin.
The silver javelin completely misses you. 😱 HP[+1] 😱 HP[+1] 😱 HP[+1] 😱 HP[+1] MP[+1] 😱 HP[+1]
You flicker back into view. 😱 HP[+2]
You regained 2 hp, and now have 16/84 hp.
As you read the scroll of fog, it crumbles to dust.
The scroll dissolves into smoke.
The merfolk javelineer throws a silver javelin.
The silver javelin pierces through you!
* * * LOW HITPOINT WARNING * * *
The silver sears you!
* * * LOW HITPOINT WARNING * * *
😱 HP[-7] MP[-2]
You take 7 damage, and now have 9/84 hp.
You lost 2 mp, and now have 2/26 mp.
Unknown command. 😱 HP[+1] Unknown command.
As you read the scroll of teleportation {@r4}, it crumbles to dust.
You feel strangely unstable. 😱 HP[+1] MP[+1] 😱 HP[+1] 😱 HP[+1]
The merfolk javelineer throws a silver javelin.
The silver javelin pierces through you!
You feel threatened and lose the ability to read scrolls!
* * * LOW HITPOINT WARNING * * *
The silver sears you!
You die...

Skill      XL: |  1  2  3  4  5  6  7  8  9 10 11 12 13 14 15 16 |
---------------+-------------------------------------------------+-----
Stealth        | 5 6 7 9 10 11 12 14 16 19 21 23 26 27 | 27.0
Short Blades   | 2 3 5 7 8 10 | 10.0
Shields        | 5 |  5.5
Dodging        | 4 8 |  8.2
Fighting       | 5 9 |  9.1
Throwing       | |  1.7

Action                   |  1- 3 |  4- 6 |  7- 9 | 10-12 | 13-15 | 16-18 || total
-------------------------+-------+-------+-------+-------+-------+-------++-------
Melee: Dagger            |    90 |   174 |   537 |  1444 |   174 |       ||  2419
       Bite              |    20 |    53 |   201 |   549 |   422 |    12 ||  1257
       Punch             |       |     2 |    10 |       |       |       ||    12
       Rapier            |       |       |       |       |   827 |    28 ||   855
       Headbutt          |       |       |       |       |    42 |    10 ||    52
Throw: Dart              |       |    13 |    13 |     5 |       |       ||    31
Invok: Shadow Step       |       |       |       |       |    10 |       ||    10
Evoke: Wand              |       |    10 |       |    25 |     6 |       ||    41
       Phantom mirror    |       |       |       |       |     1 |       ||     1
  Use: Scroll            |       |     7 |     6 |    11 |    16 |     2 ||    42
       Potion            |       |       |       |     4 |     9 |     1 ||    14
 Stab: Sleeping          |     5 |    11 |    14 |    31 |   111 |       ||   172
       Distracted        |       |     1 |     1 |     4 |    27 |     2 ||    35
       Invisible         |       |       |       |       |     1 |       ||     1
Armor: Robe              |    23 |    22 |   163 |   251 |    86 |       ||   545
       Leather armour    |     9 |    42 |       |       |       |       ||    51
       Skin              |       |       |       |       |     6 |       ||     6
Dodge: Dodged            |    63 |    90 |   250 |   557 |   512 |    19 ||  1491
Block: Buckler           |       |       |    28 |   411 |   314 |    12 ||   765
       Kite shield       |       |       |       |    13 |    58 |       ||    71

Levels and vault maps discovered:
D:1:      dpeg_arrival_castle, layout_basic, minmay_close_crescents
D:2:      layout_loops_ring, serial_shops, nicolae_lakefront_shop, uniq_robin,
          uniq_natasha
D:3:      layout_basic, kennysheep_pointless_box, minmay_stone_trees_medium,
          minmay_tree_intersection
D:4:      minmay_octagon_keep, layout_basic, mainiacjoe_overflow_brackets,
          jmf_multi_god_temple2, serial_shops, nicolae_stop_n_shop_1, uniq_ijyb,
          uniq_grinder
D:5:      layout_basic, minmay_temple_entry_glassed_door,
          uniq_crazy_yiuf_cottage
D:6:      layout_basic, okawaru_altar_gauntlet_db, uniq_duvessa
D:7:      layout_loops_ring, mainiacjoe_overflow_alcove_1, serial_shops,
          nicolae_shop_behind_doors, kb_lookout_dungeons_type
D:8:      layout_basic
D:9:      layout_basic, nicolae_overflow_hidden_temple,
          hellmonk_guarded_unrand_gong
D:10:     minmay_shrinking_squares, layout_loops_ring, orc_0_dummy,
          enter_bailey_2
D:11:     argonaut_augean_stables, layout_basic, dpeg_oklobed_lair,
          minmay_liquid_box, uniq_lodul, uniq_erolcha
D:12:     layout_rooms
D:13:     minmay_statue_hallways, layout_rooms, drop_trap, minmay_lizard_king
D:14:     layout_roguey, david_vaults_2, minmay_misc_feat_more_columns,
          drop_trap
D:15:     grunt_enter_depths_snipers, layout_loops_ring,
          roderic_lattice_octagonal_star, bh_walls_and_bars
Temple:   nicolae_temple_x_marks_the_god
Lair:1:   layout_roguey, dpeg_stationary_puzzle, lemuel_fruit_tree,
          grunt_megastairs_1
Lair:2:   layout_cave_pods, minmay_shoals_entry_beasts,
          minmay_snake_entry_guardpost_medium, beast_lair_carwin_10,
          serial_bayou_shore_a
Lair:3:   gammafunk_cloud_chamber, layout_misc_corridors,
          gauntlet_entry_generic, special_room [special_room_mythical_zoo]
Lair:4:   layout_regular_city, infiniplex_staircase_pool_2, serial_bayou_shore_b
Lair:5:   wormcave, layout_regular_city, guppyfry_lair_end_dragon,
          slime_entry_1, kennysheep_rathole
Shoals:1: layout_shoals
Shoals:2: layout_shoals
Snake:1:  layout_honeycomb, minmay_shoptagon
Orc:1:    layout_caves, uniq_maurice, uniq_harold, uniq_nergalle
Depths:1: minmay_the_grid_triangle_9x9_recursive_2
          [minmay_the_grid_triangle_9x9_prize_center,
          minmay_the_grid_triangle_9x9_odd_lines,
          minmay_the_grid_triangle_9x9_fully_insulated_deathbox,
          minmay_the_grid_triangle_9x9_zippers_vertical], layout_gridlike,
          hangedman_coc_ice_floe, hangedman_decor_diamond_cutter,
          nemelex_xobeh_ov_fountains_minmay

Notes
Turn   | Place    | Note
-------+----------+-------------------------------------------
     0 | D:1      | MackTheKnife the Vine Stalker Brigand began the quest for
                  | the Orb.
     0 | D:1      | Reached XP level 1. HP: 11/11 MP: 2/2
     0 | D:1      | magus.rc [v1.9.6]
   143 | D:1      | Reached skill level 5 in Stealth
   157 | D:1      | Reached XP level 2. HP: 12/15 MP: 3/3
   327 | D:1      | Reached skill level 6 in Stealth
   339 | D:1      | Reached XP level 3. HP: 14/18 MP: 4/4
   940 | D:2      | Gained mutation: Your natural rate of healing is unusually
                  | fast. [Vine Stalker growth]
   940 | D:2      | Reached XP level 4. HP: 22/23 MP: 5/5
   979 | D:2      | Identified the +8 battleaxe of Poqoties {freeze, Will+}
  1020 | D:2      | Found Tekhugoq's Armour Shop.
  1030 | D:2      | Bought a +0 pair of gloves for 45 gold pieces
  1030 | D:2      | Bought a +0 pair of boots for 45 gold pieces
  1087 | D:2      | Reached skill level 7 in Stealth
  1145 | D:2      | Noticed Robin
  1175 | D:2      | Killed Robin
  1233 | D:2      | Noticed Natasha
  1240 | D:2      | Killed Natasha
  1334 | D:2      | Reached XP level 5. HP: 26/26 MP: 6/6
  1339 | D:2      | Noticed Natasha
  1350 | D:2      | Killed Natasha
  1351 | D:2      | Reached skill level 8 in Stealth
  1493 | D:2      | Noticed Natasha
  1506 | D:2      | Killed Natasha
  1966 | D:4      | Noticed Grinder
  1966 | D:4      | Found Neupt's Jewellery Shop.
  2012 | D:3      | Reached skill level 9 in Stealth
  2012 | D:3      | Reached XP level 6. HP: 27/30 MP: 7/7
  2217 | D:3      | You pick up a book of Displacement and begin reading...
  2217 | D:3      | You add the spells Lesser Beckoning, Gell's Gravitas and
                  | Teleport Other to your library.
  2221 | D:3      | Identified the +2 robe "Ehyureph" {rPois Int+2}
  2797 | D:4      | Noticed an orc warrior
  2971 | D:4      | Found a large runed translucent door.
  2972 | D:4      | Found a large runed translucent door.
  3168 | D:4      | You pick up a book of the Senses and begin reading...
  3168 | D:4      | You add the spells Dazzling Flash, Agony and Silence to
                  | your library.
  3209 | D:4      | Reached skill level 10 in Stealth
  3293 | D:5      | Entered Level 5 of the Dungeon
  3303 | D:5      | Reached skill level 2 in Short Blades
  3303 | D:5      | Reached XP level 7. HP: 34/34 MP: 8/8
  3452 | D:5      | magus.rc [v1.9.6]
  3460 | D:5      | Found a runed translucent door.
  3461 | D:5      | Noticed Crazy Yiuf
  3502 | D:5      | Killed Crazy Yiuf
  3597 | D:5      | Reached skill level 3 in Short Blades
  3823 | D:5      | Reached skill level 11 in Stealth
  3980 | D:6      | Gained mutation: You have razor-sharp teeth. [Vine Stalker
                  | growth]
  3980 | D:6      | Reached XP level 8. HP: 38/38 MP: 9/9
  3985 | D:6      | Reached skill level 4 in Short Blades
  4208 | D:6      | Noticed Duvessa
  4211 | D:6      | Noticed Dowan
  4215 | D:6      | Killed Duvessa
  4216 | D:6      | Reached skill level 12 in Stealth
  4229 | D:6      | Killed Dowan
  4230 | D:6      | Reached skill level 5 in Short Blades
  4345 | D:6      | Found an iron altar of Okawaru.
  4767 | D:7      | Found Ulygiufo's General Store.
  4938 | D:7      | Reached XP level 9. HP: 32/42 MP: 10/10
  4993 | D:7      | Reached skill level 6 in Short Blades
  5093 | D:7      | Reached skill level 13 in Stealth
  5236 | D:7      | Found a shadowy altar of Dithmenos.
  5654 | D:8      | Noticed a gargoyle
  5669 | D:7      | Upgraded the game from 0.30-a0-371-gad7725a93e to
                  | 0.30-a0-373-gd37427bb62
  5669 | D:7      | magus.rc [v1.9.6]
  6409 | D:8      | Reached skill level 7 in Short Blades
  6581 | D:9      | Reached skill level 14 in Stealth
  6903 | D:9      | Reached XP level 10. HP: 46/46 MP: 11/11
  6910 | D:9      | Reached skill level 8 in Short Blades
  6987 | D:9      | Found a sparkling altar of Nemelex Xobeh.
  7035 | D:9      | Reached skill level 15 in Stealth
  7086 | D:9      | Reached skill level 1 in Shields
  7185 | D:9      | Reached skill level 2 in Shields
  7318 | D:9      | Reached skill level 3 in Shields
  7347 | D:9      | Noticed a vault sentinel
  7347 | D:9      | Noticed a vault sentinel
  7351 | D:9      | Found the +18 shield of the Gong {rElec rN+ Will+ EV-5}
  7754 | D:8      | Killed a gargoyle
  7755 | D:8      | Reached skill level 4 in Shields
  7777 | D:9      | Killed a vault sentinel
  7781 | D:9      | Killed a vault sentinel
  7782 | D:9      | Reached skill level 5 in Shields
  7889 | D:10     | Entered Level 10 of the Dungeon
  8012 | D:10     | Found a flagged portal.
  8030 | Bailey   | Entered a bailey
  8327 | Bailey   | Noticed an orc warlord
  8454 | D:10     | Reached skill level 16 in Stealth
  8454 | D:10     | Reached XP level 11. HP: 35/50 MP: 12/12
  8488 | D:10     | You add the spells Tukima's Dance, Passage of Golubria and
                  | Yara's Violent Unravelling to your library.
  8652 | D:10     | Found a staircase to the Orcish Mines.
  8999 | D:5      | Found a staircase to the Ecumenical Temple.
  9014 | Temple   | Entered the Ecumenical Temple
  9142 | D:7      | Became a worshipper of Dithmenos the Shadowed
  9482 | D:10     | Noticed a manticore
  9482 | D:10     | Noticed a centaur warrior
  9482 | D:10     | Noticed a manticore
  9482 | D:10     | Noticed a brown ugly thing
  9553 | Orc:1    | Entered Level 1 of the Orcish Mines
  9553 | Orc:1    | Noticed an orc sorcerer
  9576 | D:10     | Killed an orc sorcerer
  9577 | D:10     | Reached skill level 17 in Stealth
  9670 | Orc:1    | Noticed Nergalle
  9691 | Orc:1    | Killed Nergalle
  9698 | Orc:1    | Noticed Harold
  9703 | Orc:1    | Killed Harold
  9721 | Orc:1    | Noticed an orc knight
  9734 | Orc:1    | Reached skill level 18 in Stealth
  9897 | D:11     | Noticed Erolcha
  9922 | D:11     | Noticed a manticore
  9924 | D:11     | HP: 12/50 [Erolcha/+0 giant club (12)]
  9977 | D:10     | HP: 10/50 [something (11)]
  9978 | D:10     | Killed Erolcha
 10101 | D:11     | Noticed a manticore
 10105 | D:11     | Killed a manticore
 10225 | D:11     | Noticed Lodul
 10244 | D:11     | Your ally Lodul died
 10273 | D:11     | Reached * piety under Dithmenos
 10277 | D:11     | Reached skill level 19 in Stealth
 10294 | D:11     | Noticed a cyclops
 10309 | D:11     | a yak changed into an entropy weaver
 10309 | D:11     | Noticed an entropy weaver
 10310 | D:11     | an entropy weaver changed into a guardian serpent
 10507 | D:12     | Noticed a two-headed ogre
 10514 | D:12     | Killed a two-headed ogre
 10515 | D:12     | Reached XP level 12. HP: 54/54 MP: 13/13
 10662 | D:12     | Noticed a two-headed ogre
 10677 | D:13     | Noticed a centaur warrior
 10703 | D:12     | Noticed a boulder beetle
 10710 | D:12     | You add the spells Kindle Blastsparks, Ignite Poison and
                  | Freezing Cloud to your library.
 10754 | D:11     | Reached skill level 20 in Stealth
 10767 | D:11     | Noticed a two-headed ogre
 10840 | D:11     | magus.rc [v1.9.6]
 10906 | D:11     | HP: 13/54 [two-headed ogre/+0 giant club (4)]
 10908 | D:11     | Killed a two-headed ogre
 11047 | D:11     | Found a staircase to the Lair.
 11313 | D:11     | Noticed a death yak
 11329 | D:11     | Killed a death yak
 11540 | D:11     | Reached skill level 21 in Stealth
 11667 | D:12     | Reached skill level 1 in Dodging
 11734 | D:11     | Killed a boulder beetle
 11735 | D:11     | Reached skill level 2 in Fighting
 11794 | Lair:1   | Entered Level 1 of the Lair of Beasts
 11805 | Lair:1   | Reached skill level 2 in Dodging
 11821 | Lair:1   | Reached skill level 3 in Fighting
 11866 | Lair:1   | Reached ** piety under Dithmenos
 11878 | Lair:1   | Reached skill level 3 in Dodging
 12002 | Lair:1   | Reached skill level 4 in Fighting
 12367 | Lair:2   | Found a staircase to the Shoals.
 12418 | Shoals:1 | Entered Level 1 of the Shoals
 12677 | Lair:2   | Reached skill level 4 in Dodging
 12832 | Lair:2   | Reached skill level 5 in Fighting
 12884 | Lair:2   | HP: 15/60 [constriction (2)]
 13368 | Lair:2   | Reached XP level 13. HP: 56/64 MP: 14/14
 13381 | Lair:2   | Reached skill level 5 in Dodging
 13432 | Lair:2   | Reached skill level 6 in Fighting
 13455 | Lair:2   | Reached *** piety under Dithmenos
 13568 | Lair:2   | You pick up a book of Beasts and begin reading...
 13568 | Lair:2   | You add the spells Summon Ice Beast, Summon Mana Viper and
                  | Monstrous Menagerie to your library.
 13665 | Lair:2   | magus.rc [v1.9.6]
 13832 | Lair:3   | Found a gate leading to a gauntlet.
 13842 | Gauntlet | Entered a Gauntlet
 13842 | Gauntlet | Found a transporter.
 13842 | Gauntlet | Found a transporter.
 13844 | Gauntlet | Found a transporter.
 13863 | Gauntlet | Found the +1 cloak of Starlight {*Dazzle EV+4 Stlth--}
 13867 | Gauntlet | Found a transporter.
 13867 | Gauntlet | Found a transporter.
 13877 | Gauntlet | Found a transporter.
 13881 | Gauntlet | Found a transporter.
 13891 | Gauntlet | Found a transporter.
 13901 | Gauntlet | Noticed a green death
 13912 | Gauntlet | Found a transporter.
 13929 | Gauntlet | Found a transporter.
 13933 | Gauntlet | Found a transporter.
 13943 | Gauntlet | Found a transporter.
 13992 | Gauntlet | Reached skill level 6 in Dodging
 14002 | Gauntlet | HP: 15/66 [bog body/bolt of cold[a worldbinder] (23)]
 14119 | Gauntlet | Reached skill level 7 in Fighting
 14153 | Gauntlet | Killed a green death
 14197 | Gauntlet | Identified the +1 hat "Huranlox" {Dex+7}
 14336 | Gauntlet | Noticed a minotaur
 14351 | Gauntlet | Killed a minotaur
 14355 | Gauntlet | Identified the +4 rapier of Limorch Zyomn {spect, rPois
                  | rF++ rCorr Int-5}
 14356 | Gauntlet | I - a +2 quick blade of flaming {shortrare=g}
 14483 | Lair:3   | Reached skill level 7 in Dodging
 14486 | Lair:3   | Reached **** piety under Dithmenos
 14493 | Lair:3   | Reached skill level 8 in Fighting
 14580 | Lair:3   | Found a transporter.
 14602 | Lair:3   | Found a transporter.
 14670 | Lair:3   | Identified the +2 pair of gloves of the Unstoppable Scars
                  | {Rampage rElec}
 14761 | Lair:3   | You pick up a book of Scorching and begin reading...
 14761 | Lair:3   | You add the spells Scorch, Flame Wave and Summon Cactus
                  | Giant to your library.
 14834 | Lair:3   | HP: 16/69 [death yak (14)]
 14966 | Lair:2   | Reached skill level 8 in Dodging
 14972 | Lair:2   | Reached skill level 9 in Fighting
 15063 | Lair:2   | Found a staircase to the Snake Pit.
 15285 | Snake:1  | Entered Level 1 of the Snake Pit
 15329 | Lair:3   | your +2 quick blade of flaming {shortrare=g} glows red for
                  | a moment.
 15365 | Lair:3   | Reached XP level 14. HP: 75/75 MP: 15/15
 15503 | Lair:3   | Reached skill level 9 in Short Blades
 15921 | Lair:4   | Reached skill level 10 in Short Blades
 16345 | Lair:5   | Entered Level 5 of the Lair of Beasts
 16393 | Lair:5   | Found a viscous altar of Jiyva.
 16395 | Lair:5   | Found a staircase to the Slime Pits.
 16483 | Lair:5   | Reached ***** piety under Dithmenos
 16653 | Lair:5   | Reached skill level 22 in Stealth
 16890 | Lair:5   | Found a runed translucent door.
 17089 | Lair:5   | Reached skill level 23 in Stealth
 17221 | Lair:5   | your +3 quick blade of flaming {shortrare=g} glows red for
                  | a moment.
 17222 | Lair:5   | I - a +4 quick blade of flaming {shortrare=g}
 17222 | Lair:5   | b - a +4 quick blade of flaming {shortrare=g}
 17227 | Lair:5   | You pick up a book of Spectacle and begin reading...
 17227 | Lair:5   | You add the spells Iskenderun's Mystic Blast and Starburst
                  | to your library.
 17746 | Lair:3   | Reached XP level 15. HP: 72/79 MP: 15/16
 18106 | Orc:1    | Noticed Maurice
 18114 | Orc:1    | something steals your +4 quick blade of flaming
                  | {shortrare=g}!
 18116 | Orc:1    | Killed Maurice
 18117 | Orc:1    | Reached skill level 24 in Stealth
 18136 | Orc:1    | b - a +4 quick blade of flaming {shortrare=g}
 18160 | Orc:1    | Noticed an orc warlord
 19002 | D:13     | Reached skill level 25 in Stealth
 19181 | D:13     | Gained mutation: Your body sometimes deteriorates upon
                  | taking damage. [potion of mutation]
 19181 | D:13     | Gained mutation: You have a pair of small horns on your
                  | head. [potion of mutation]
 19182 | D:13     | Lost mutation: You have a pair of small horns on your head.
                  | [potion of mutation]
 19182 | D:13     | Lost mutation: Your body sometimes deteriorates upon taking
                  | damage. [potion of mutation]
 19182 | D:13     | Gained mutation: Your system is resistant to poisons.
                  | (rPois) [potion of mutation]
 19182 | D:13     | Gained mutation: Armour fits poorly on your strangely
                  | shaped body. [potion of mutation]
 19183 | D:13     | Lost mutation: Your system is resistant to poisons. (rPois)
                  | [potion of mutation]
 19183 | D:13     | Lost mutation: Armour fits poorly on your strangely shaped
                  | body. [potion of mutation]
 19183 | D:13     | Gained mutation: You occasionally lose the ability to read
                  | scrolls when taking damage. [potion of mutation]
 19183 | D:13     | Gained mutation: You have a pair of small horns on your
                  | head. [potion of mutation]
 19218 | D:14     | Found a gate to the Vaults.
 19968 | D:15     | Entered Level 15 of the Dungeon
 20026 | D:15     | HP: 18/79 [meliai/+0 broad axe (10)]
 20153 | D:15     | Reached skill level 26 in Stealth
 20758 | D:15     | Found a staircase to the Depths.
 20929 | Depths:1 | Entered Level 1 of the Depths
 21206 | Shoals:1 | magus.rc [v1.9.6]
 21348 | Shoals:1 | magus.rc [v1.9.6]
 21513 | Shoals:2 | Reached XP level 16. HP: 84/84 MP: 17/17
 21545 | Shoals:2 | Reached skill level 27 in Stealth
 21584 | Shoals:2 | HP: 12/84 [merfolk javelineer/silver javelin (14)]
 21585 | Shoals:2 | HP: 3/84 [merfolk javelineer/silver javelin (7)]
 21585 | Shoals:2 | HP: 1/84 [merfolk javelineer/silver javelin (2)]
 21599 | Shoals:2 | HP: 10/84 [merfolk javelineer/silver javelin (7)]
 21604 | Shoals:2 | HP: 3/84 [merfolk javelineer/silver javelin (11)]
 21604 | Shoals:2 | Hit by a silver javelin thrown by a merfolk javelineer

Vanquished Creatures
  A stone giant (D:15)
  A minotaur (Gauntlet)
  A green death (Gauntlet)
  2 fire dragons (Lair:5)
  Harold (Orc:1)
  Erolcha (D:10)
  3 two-headed ogres
  5 hydras
  3 centaur warriors
  A merfolk avatar (Shoals:1)
  2 merfolk aquamancers (Shoals:2)
  5 death yaks
  A boulder beetle (D:11)
  3 tengu warriors (D:15)
  A fire crab (shapeshifter) (D:14)
  A soul eater (Gauntlet)
  Nergalle (Orc:1)
  A fire crab (Lair:3)
  2 sea snakes (Shoals:1)
  4 skeletal warriors (D:15)
  A swamp dragon (Lair:5)
  A lindwurm (Lair:5)
  2 orc knights
  A deep elf pyromancer (D:15)
  3 ugly things (D:15)
  9 manticores
  An oklob plant (Lair:1)
  2 fauns (Shoals:2)
  An orc sorcerer (D:10)
  4 cyclopes
  A worldbinder (Gauntlet)
  3 merfolk sirens
  8 elephants
  Maurice (Orc:1)
  3 black mambas
  A guardian serpent (D:11)
  A naga mage (Snake:1)
  2 vault sentinels (D:9)
  5 torpor snails (Lair:5)
  2 orange demons (Gauntlet)
  3 gargoyles
  6 cane toads
  A yaktaur (shapeshifter) (D:13)
  An efreet (D:13)
  12 rime drakes
  8 komodo dragons
  A tengu conjurer (D:15)
  2 trolls
  A merfolk (Shoals:2)
  6 meliai
  4 tyrant leeches (Lair:5)
  17 slime creatures
  7 hornets (Lair:5)
  A wind drake (Lair:2)
  27 blink frogs
  7 dream sheep (Lair:4)
  3 snapping turtles
  6 wraiths
  6 water elementals
  2 vampires
  8 wyverns
  A golden eye (shapeshifter) (D:14)
  47 yaks
  12 basilisks
  3 fire bats (Lair:3)
  11 vampire mosquitoes
  A redback (shapeshifter) (D:14)
  8 redbacks (D:13)
  6 nagas (Lair:2)
  5 acid dragons
  3 hell hounds (Lair:3)
  Duvessa (D:6)
  11 water moccasins
  A swamp drake (Lair:5)
  13 orc warriors
  2 ice beasts
  A sky beast (D:6)
  9 ogres
  4 boggarts
  17 wolves
  7 centaurs
  18 bullfrogs
  3 kobold brigands
  A gnoll sergeant (D:10)
  2 scorpions
  Dowan (D:6)
  22 killer bees
  2 electric eels
  3 howler monkeys
  3 jellies
  8 orc priests
  Crazy Yiuf (D:5)
  A gnoll bouda (D:9)
  4 hounds
  10 iguanas
  8 hell rats
  13 orc wizards
  Natasha (thrice) (D:2)
  Robin (D:2)
  25 gnolls
  3 adders
  7 river rats (Lair:5)
  2 shadow imps (Gauntlet)
  2 white imps (D:6)
  2 ufetubi (D:6)
  2 dart slugs (D:1)
  58 orcs
  8 bats
  8 endoplasms
  2 giant cockroaches (D:1)
  26 goblins
  24 hobgoblins
  14 kobolds
  8 quokkas
  3 ball pythons
  5 frilled lizards
  2 rats
  A bush (D:7)
690 creatures vanquished.

Vanquished Creatures (collateral kills)
  A death yak (Lair:3)
  3 yaks (D:11)
  3 ogres (D:11)
7 creatures vanquished.

Vanquished Creatures (others)
  Lodul (D:11)
  An ogre (D:11)
  12 demonic plants (Gauntlet)
  15 fungi
  51 plants
80 creatures vanquished.

Grand Total: 777 creatures vanquished

Table legend:
 A = Non-vault XP
 B = Vault XP
 C = Vault XP percentage of total XP
 D = Non-vault monster count
 E = Vault monster count
 F = Vault count percentage of total count
                 A         B        C        D         E       F
            +---------+---------+-------+---------+---------+-------
      Total |   91404 |   40463 |  30.7 |     506 |     191 |  27.4
            +---------+---------+-------+---------+---------+-------
        D:1 |      59 |       6 |   9.2 |      30 |       3 |   9.1
        D:2 |     126 |      59 |  31.9 |      13 |       8 |  38.1
        D:3 |     122 |       0 |   0.0 |      21 |       0 |   0.0
        D:4 |     175 |       0 |   0.0 |      13 |       0 |   0.0
        D:5 |     802 |      40 |   4.8 |      16 |       1 |   5.9
        D:6 |     746 |     248 |  24.9 |      20 |       8 |  28.6
        D:7 |     716 |     115 |  13.8 |      13 |       1 |   7.1
        D:8 |    1220 |       0 |   0.0 |      21 |       0 |   0.0
        D:9 |    3090 |     853 |  21.6 |      45 |       2 |   4.3
       D:10 |    2608 |     854 |  24.7 |      22 |       2 |   8.3
       D:11 |    4183 |    3696 |  46.9 |      19 |      17 |  47.2
       D:12 |    4741 |       0 |   0.0 |      21 |       0 |   0.0
       D:13 |   10162 |     598 |   5.6 |      30 |       5 |  14.3
       D:14 |    4456 |    1166 |  20.7 |      11 |       3 |  21.4
       D:15 |    9636 |    2738 |  22.1 |      25 |       3 |  10.7
     Lair:1 |    3284 |     784 |  19.3 |      17 |       3 |  15.0
     Lair:2 |    7936 |    4222 |  34.7 |      39 |      18 |  31.6
     Lair:3 |    7689 |    7615 |  49.8 |      20 |      32 |  61.5
     Lair:4 |    8005 |       0 |   0.0 |      28 |       0 |   0.0
     Lair:5 |    8713 |   10540 |  54.7 |      31 |      39 |  55.7
   Shoals:1 |    5109 |       0 |   0.0 |      10 |       0 |   0.0
   Shoals:2 |    5636 |       0 |   0.0 |      14 |       0 |   0.0
    Snake:1 |     456 |       0 |   0.0 |       1 |       0 |   0.0
      Orc:1 |    1734 |    2110 |  54.9 |      26 |       3 |  10.3
     Bailey |       0 |     661 | 100.0 |       0 |      34 | 100.0
   Gauntlet |       0 |    4158 | 100.0 |       0 |       9 | 100.0
            +---------+---------+-------+---------+---------+-------

Illustrated notes

Table legend:
 A = Kills in this place as a percentage of kills in entire the game.
 B = Kills by you in this place as a percentage of kills by you in the entire game.
 C = Kills by friends in this place as a percentage of kills by friends in the entire game.
 D = Other kills in this place as a percentage of other kills in the entire game.
 E = Experience gained in this place as a percentage of experience gained in the entire game.
 F = Experience gained in this place divided by the number of levels of this place that you have seen.
                   A       B       C       D       E      F
               +-------+-------+-------+-------+-------+----------------------
         Total | 100.0 | 100.0 | 100.0 | 100.0 | 100.0 | 4709.5
       Dungeon |  53.5 |  53.1 |  85.7 | 100.0 |  40.4 | 3547.7
          Lair |  32.6 |  32.8 |  14.3 |   0.0 |  44.6 | 11757.6
        Shoals |   3.4 |   3.5 |   0.0 |   0.0 |   8.1 | 5372.5
     Snake Pit |   0.1 |   0.1 |   0.0 |   0.0 |   0.3 | 456.0
  Orcish Mines |   4.2 |   4.2 |   0.0 |   0.0 |   2.9 | 3844.0
        Bailey |   4.9 |   4.9 |   0.0 |   0.0 |   0.5 | 661.0
      Gauntlet |   1.3 |   1.3 |   0.0 |   0.0 |   3.2 | 4158.0
               +-------+-------+-------+-------+-------+----------------------

Table legend: (Time is in decaauts)
 A = Elapsed time spent in this place.
 B = Non-inter-level travel time spent in this place.
 C = Inter-level travel time spent in this place.
 D = Time resting spent in this place.
 E = Time spent auto-exploring this place.
 F = Levels seen in this place.
 G = Mean time per level.
                   A        B        C        D        E       F      G
               +--------+--------+--------+--------+--------+-----+--------+
         Total |  20721 |  19288 |   1433 |   1141 |  10974 |  28 |  740.0 |
       Dungeon |  13717 |  12652 |   1065 |    732 |   7591 |  15 |  914.5 |
        Temple |     60 |     58 |      2 |      0 |     39 |   1 |   60.0 |
          Lair |   5344 |   5010 |    334 |    247 |   3007 |   5 | 1068.8 |
        Shoals |    446 |    417 |     29 |      0 |    136 |   2 |  223.0 |
     Snake Pit |     37 |     36 |      1 |      0 |     15 |   1 |   37.0 |
  Orcish Mines |    300 |    300 |      0 |      0 |    105 |   1 |  300.0 |
        Depths |     57 |     57 |      0 |      0 |     21 |   1 |   57.0 |
        Bailey |    250 |    250 |      0 |     21 |      0 |   1 |  250.0 |
      Gauntlet |    505 |    505 |      0 |    141 |     60 |   1 |  505.0 |
               +--------+--------+--------+--------+--------+-----+--------+

Top non-repeatable levels by time:
  Lair:2: 1694 daAuts
    D:11: 1365 daAuts
  Lair:5: 1284 daAuts
    D:10: 1262 daAuts
     D:3: 1169 daAuts
     D:9: 1101 daAuts
     D:7: 1066 daAuts
    D:15: 965 daAuts
  Lair:3: 964 daAuts
     D:8: 959 daAuts
     D:6: 870 daAuts
     D:1: 816 daAuts
  Lair:1: 774 daAuts
     D:2: 769 daAuts
    D:14: 760 daAuts
